 Dungeon Crawl Stone Soup version 0.25-a0-482-g9b3b753f3f (webtiles) character file.

Game seed: 2825621274085261784, levelgen mode: deterministic

279219 ICC the Wrestler (level 20, -5/97 HPs)
             Began as a Vine Stalker Fighter on Feb 10, 2020.
             Was a High Priest of Wu Jian.
             Killed from afar by a deep elf annihilator (9 damage)
             ... with a poison arrow
             ... on level 3 of the Elven Halls.
             The game lasted 03:26:09 (26960 turns).

ICC the Wrestler (Vine Stalker Fighter)            Turns: 26960, Time: 03:26:10

Health: -5/97      AC: 32    Str: 31    XL:     20   Next: 44%
Magic:  0/41       EV: 14    Int:  8    God:    Wu Jian [*****.]
Gold:   1671       SH:  0    Dex: 15    Spells: 30/51 levels left

rFire    . . .     SeeInvis +     - Unarmed
rCold    . . .     Gourm    .   (shield currently unavailable)
rNeg     + + .     Faith    .   s - +9 plate armour of Winter {rN+ MR+ rCorr}
rPois    .         Spirit   +   j - +2 helmet {SInv}
rElec    .         Reflect  .   F - +0 cloak {+Inv}
rCorr    +         Harm     .   (gloves currently unavailable)
MR       +++..                  L - +0 pair of boots
Stlth    ..........             T - macabre finger necklace {rN+}
HPRegen  1.06/turn              X - +4 ring of strength
MPRegen  0.27/turn              u - ring of wizardry
                                C - +6 ring of evasion

@: lethally poisoned (-5 -> -9), exhausted, blade hands (expiring), glowing,
heavenly storm
A: fangs 3, regeneration 2, magic shield, antimagic bite, no potion heal 3, rot
immunity
}: 2/15 runes: decaying, serpentine
a: End Transformation, Wall Jump, Serpent's Lash, Heavenly Storm, Renounce
Religion, Evoke Invisibility


You were on level 3 of the Elven Halls.
You worshipped Wu Jian.
Wu Jian was extremely pleased with you.
You were hungry.
You had blades for hands.
You visited 7 branches of the dungeon, and saw 33 of its levels.
You also visited: Ice Cave.

You collected 3676 gold pieces.
You spent 2005 gold pieces at shops.

Inventory:

Armour
 j - a +2 helmet of see invisible (worn)
 q - a +2 buckler (melded)
 s - the +9 plate armour of Winter (worn) {rN+ MR+ rCorr}
   (You bought it in a shop on level 2 of the Elven Halls)

   It protects you from negative energy.
   It affects your resistance to hostile enchantments.
   It provides partial protection from all sources of acid and corrosion.
   If you remove this armour, your AC will decrease by 26 (32 -> 6).
 E - a +1 pair of gloves of strength (melded)
 F - a +0 cloak of invisibility (worn)
 L - a +0 pair of boots (worn)
Magical Staves
 w - an uncursed staff of wizardry (melded)
Jewellery
 f - an uncursed ring of poison resistance
 l - an uncursed ring of positive energy
 t - an uncursed ring of protection from fire
 u - a ring of wizardry (right scythe-like blade)
 C - a +6 ring of evasion (on amulet)
 J - an uncursed ring of protection from cold
 O - an uncursed ring of flight
 T - the macabre finger necklace (around neck) {rN+}
   (You found it in an ice cave)

   [amulet of nothing]

   It protects you from negative energy.
 X - a +4 ring of strength (left scythe-like blade)
Wands
 g - a wand of paralysis (3)
 x - a wand of scattershot (4)
 G - a wand of clouds (3)
 N - a wand of polymorph (34)
 Q - a wand of digging (14)
 U - a wand of acid (5)
 V - a wand of iceblast (33)
 Z - a wand of enslavement (27)
Scrolls
 a - 11 scrolls of teleportation
 e - a scroll of remove curse
 i - 6 scrolls of blinking
 n - 2 scrolls of summoning
 o - a scroll of identify
 v - 4 scrolls of fog
 z - 4 scrolls of holy word
 K - 3 scrolls of immolation
 M - 3 scrolls of fear
 R - 2 scrolls of magic mapping
Potions
 b - 2 potions of haste
 c - 2 potions of might
 h - a potion of cancellation
 m - a potion of resistance
 p - 6 potions of magic
 r - 2 potions of agility
 B - 5 potions of curing
 I - 3 potions of brilliance
Comestibles
 d - 47 rations


   Skills:
 - Level 7.0 Fighting
 + Level 14.2 Armour
 - Level 4.1 Shields
 * Level 22.0 Unarmed Combat
 + Level 16.2 Spellcasting
 - Level 12.0 Transmutations
 - Level 2.0 Evocations


You had 30 spell levels left.
You knew the following spells:

 Your Spells              Type           Power        Failure   Level  Hunger
a - Blade Hands           Tmut           ####......   19%         5    #####..
b - Death's Door          Chrm/Necr      #.........   100%        8    #######
c - Necromutation         Tmut/Necr      ###.......   100%        8    #######

Your spell library contained the following spells:

 Spells                   Type           Power        Failure   Level  Hunger
 Beastly Appendage        Tmut           ####..       4%          1    None
 Sticks to Snakes         Tmut           ####....     4%          2    None
 Sting                    Tmut/Pois      ###.         12%         1    None
 Spider Form              Tmut/Pois      ###.......   22%         3    ##.....
 Ignite Poison            Fire/Tmut/Pois ##......     36%         3    ##.....
 Ice Form                 Ice/Tmut       ###.....     45%         4    ####...
 Foxfire                  Conj/Fire      #...         47%         1    None
 Magic Dart               Conj           #...         47%         1    None
 Blink                    Tloc           N/A          58%         2    None
 Call Imp                 Summ           #.......     58%         2    None
 Poisonous Vapours        Pois/Air       #.....       58%         2    None
 Slow                     Hex            #.......     58%         2    None
 Conjure Flame            Conj/Fire      #.......     77%         3    ##.....
 Dazzling Flash           Conj/Hex       #.....       77%         3    ##.....
 Inner Flame              Hex/Fire       #.......     77%         3    ##.....
 Mephitic Cloud           Conj/Pois/Air  #.......     77%         3    ##.....
 Olgreb's Toxic Radiance  Pois           #.......     97%         4    ####...
 Sticky Flame             Conj/Fire      #.......     97%         4    ####...
 Bolt of Magma            Conj/Fire/Erth #.........   100%        5    #####..
 Fireball                 Conj/Fire      #.........   100%        5    #####..
 Iskenderun's Battlesphe  Conj/Chrm      #.......     100%        5    #####..
 Iron Shot                Conj/Erth      #.........   100%        6    #######
 Haunt                    Necr/Summ      #.........   100%        7    #######
 Orb of Destruction       Conj           #.........   100%        7    #######
 Spellforged Servitor     Conj/Summ      #.........   100%        7    #######
 Borgnjor's Revivificati  Necr           #.........   100%        8    #######
 Infestation              Necr           #.........   100%        8    #######


Dungeon Overview and Level Annotations

Branches:
Dungeon (13/15)            Temple (1/1) D:6            Lair (6/6) D:11
  Swamp (4/4) Lair:3        Snake (4/4) Lair:2        Slime (0/5) Lair:6
    Orc (2/2) D:9             Elf (3/3) Orc:2         IceCv (visited)
 Vaults: D:13-14

Altars:
Ashenzari
Cheibriados
Dithmenos
Elyvilon
Fedhas
Gozag
Hepliaklqana
Kikubaaqudgha
Makhleb
Nemelex Xobeh
Okawaru
Qazlal
Ru
Sif Muna
Trog
Uskayaw
Vehumet
Wu Jian
Xom
Yredelemnul
Zin
The Shining One

Shops:
D:6 *   Orc:2 :[*(}   Elf:2 [   Elf:3 }   Snake:1 *   Snake:3 ([

Portals:
Trove: D:11 (give 17 scrolls of teleportation)


Innate Abilities, Weirdness & Mutations

You have razor-sharp teeth.
You heal very quickly.
When hurt, damage is shared between your health and your magic reserves.
Your bite disrupts and absorbs the magic of your enemies.
Potions cannot restore your health.
You are immune to rotting.


Message History

The deep elf annihilator gestures at you while chanting.
The crystal spear hits you!!!!
* * * LOW HITPOINT WARNING * * *
The hell beast closely misses you.
The hell beast tramples you but does no damage.
Unknown command.
Unknown command.
You spin and attack the hell beast.
You shred the hell beast!!!
You kill the hell beast!
You spin and attack the deep elf annihilator repeatedly.
You slice the deep elf annihilator!!
The deep elf annihilator is heavily wounded.
You shred the deep elf annihilator!!!
You kill the deep elf annihilator!
The Council accepts your kill.
The deep elf demonologist casts a spell.
The deep elf annihilator casts a spell at you.
The poison arrow hits you!
You are lethally poisoned!
You die...

#..# ##.# #.# #.#
#(# #.# #§#
#####☼#####
#...§x§@§§###
#.....☼§§§e§§.#
......E§§e§e☼§...#
...[##☼☼§☼☼##§....#
..# ##e§°°# ##....
# ..E.e§# #..
.°○.eE... .
............
......e......


You could see a deep elf master archer, a deep elf annihilator, a deep elf
demonologist and a crawling corpse.

Vanquished Creatures
  Saint Roka (Snake:2)
  3 deep elf master archers (Elf:3)
  2 deep elf blademasters (Elf:3)
  A sphinx (D:12)
  A thorn hunter (Swamp:3)
  Donald (Swamp:2)
  A fire giant (Elf:2)
  The ghost of Epan the Geomancer, an adept GrEE of Vehumet (Orc:2)
  9 nagarajas (Snake:4)
  A frost giant (IceCv)
  Aizul (Snake:2)
  3 deep elf sorcerers
  The ghost of Vajosau the Summoner, a journeyman DrIE of Cheibriados (Elf:2)
  A ghost moth (shapeshifter) (D:12)
  2 orc warlords (Elf:2)
  A deep elf elementalist (Elf:3)
  The ghost of UrsusMedved the Basher, a journeyman DsAK of Lugonu (Orc:2)
  4 deep elf annihilators (Elf:3)
  A deep elf demonologist (Elf:3)
  3 deep elf death magi (Elf:3)
  2 merfolk impalers (Elf:2)
  A fire dragon (shapeshifter) (Elf:1)
  5 deep elf high priests (Elf:3)
  An ogre mage (D:12)
  26 hydras
  16 naga warriors
  A catoblepas (Lair:4)
  2 shambling mangroves (Swamp:3)
  A death knight (D:12)
  12 anacondas
  28 dancing weapons
  14 alligators
  2 orc high priests
  11 death yaks
  12 naga sharpshooters
  A tengu warrior (D:13)
  13 shock serpents
  14 deep elf knights
  A small abomination (Elf:3)
  A salamander mystic (Snake:3)
  12 sea snakes
  5 skeletal warriors
  2 spriggan druids (Swamp:4)
  A flayed ghost (D:9)
  7 naga ritualists
  11 swamp dragons
  8 deep elf archers
  3 lindwurms (Swamp:4)
  An orange crystal statue (Elf:2)
  10 mana vipers
  2 orc knights
  An ugly thing (D:12)
  6 orc sorcerers
  10 salamanders
  2 manticores
  2 cyclopes
  62 deep elf magi
  10 guardian serpents
  34 black mambas
  An ice statue (IceCv)
  A torpor snail (Lair:6)
  16 naga magi
  A gargoyle (D:12)
  25 spiny frogs
  9 rime drakes
  6 komodo dragons
  17 polar bears (IceCv)
  4 trolls
  Grinder (D:3)
  12 tyrant leeches
  18 blink frogs
  3 bog bodies
  6 hornets
  17 hippogriffs
  7 slime creatures
  2 air elementals
  3 spriggans
  3 shadows (D:9)
  5 wyverns (Lair:4)
  A vampire (D:8)
  A water elemental (Elf:3)
  5 wraiths
  A yak (shapeshifter) (Elf:2)
  11 basilisks
  13 fire bats (D:9)
  2 fire elementals
  47 yaks
  18 vampire mosquitoes
  A hungry ghost (D:12)
  Menkaure (D:7)
  59 nagas
  4 wargs
  26 swamp worms
  6 insubstantial wisps (Swamp:2)
  An acid dragon (D:11)
  20 water moccasins
  21 orc warriors
  6 porcupines
  7 swamp drakes
  An eye of draining (D:13)
  7 ice beasts
  A phantom (D:9)
  4 sky beasts
  2 black bears
  A necrophage (D:10)
  15 ogres
  23 wolves
  7 centaurs
  12 crocodiles
  2 big kobolds
  An earth elemental (Elf:1)
  29 bullfrogs
  A water moccasin zombie (D:7)
  A wyvern zombie (D:12)
  2 scorpions
  19 killer bees
  9 wights
  3 crimson imps
  7 hounds
  3 bullfrog zombies
  A quasit (D:7)
  A centaur zombie (D:8)
  5 jellies
  A centaur skeleton (D:8)
  28 orc priests
  2 bullfrog skeletons
  32 orc wizards
  A gnoll shaman (D:8)
  5 iguanas
  7 hell rats (Lair:5)
  7 worker ants
  A hound zombie (D:7)
  A worker ant zombie (D:10)
  10 adders
  3 gnolls (D:8)
  5 shadow imps
  An ooze (D:1)
  2 adder zombies
  An adder skeleton (D:4)
  3 worms
  A dart slug (D:1)
  5 leopard geckos
  88 orcs
  A ball python (D:5)
  52 bats
  4 giant cockroaches
  2 goblins
  6 hobgoblins
  16 jackals
  3 quokkas
  9 frilled lizards
  A giant cockroach zombie (D:6)
  21 kobolds
  A quokka zombie (D:8)
  5 rats
  2 crawling corpses (Elf:3)
  3 plants (Snake:2)
1287 creatures vanquished.

Vanquished Creatures (collateral kills)
  A hound (D:11)
1 creature vanquished.

Vanquished Creatures (others)
  2 polar bears (IceCv)
  A yak (IceCv)
  A human (D:4)
  A crocodile (D:11)
  A hound (D:8)
  An orc wizard (D:8)
  2 bushes (D:11)
  14 fungi
  57 plants
80 creatures vanquished.

Grand Total: 1368 creatures vanquished

Notes
Turn   | Place    | Note
-------+----------+-------------------------------------------
     0 | D:1      | ICC the Vine Stalker Fighter began the quest for the Orb.
     0 | D:1      | Reached XP level 1. HP: 11/11 MP: 2/2
   147 | D:1      | Reached XP level 2. HP: 10/16 MP: 3/3
   340 | D:1      | Reached skill level 3 in Unarmed Combat
   506 | D:1      | Reached XP level 3. HP: 18/19 MP: 4/4
  1305 | D:2      | Found a faded altar of an unknown god.
  1658 | D:3      | Gained mutation: Your natural rate of healing is unusually
                  | fast. [Vine Stalker growth]
  1658 | D:3      | Reached XP level 4. HP: 23/23 MP: 5/5
  1658 | D:3      | Reached skill level 4 in Unarmed Combat
  1958 | D:3      | Reached XP level 5. HP: 28/28 MP: 7/7
  1962 | D:3      | Reached skill level 1 in Spellcasting
  2017 | D:3      | Noticed Grinder
  2035 | D:3      | Killed Grinder
  2035 | D:3      | Reached skill level 5 in Unarmed Combat
  2035 | D:3      | Reached XP level 6. HP: 22/32 MP: 7/10
  2061 | D:3      | Found a radiant altar of Vehumet.
  2061 | D:3      | Found a sacrificial altar of Ru.
  2540 | D:4      | Noticed a sky beast
  2546 | D:4      | Reached XP level 7. HP: 33/36 MP: 8/12
  2557 | D:4      | Reached skill level 6 in Unarmed Combat
  2828 | D:4      | Found a hide-covered altar of Uskayaw.
  2911 | D:4      | Gained mutation: You have razor-sharp teeth. [Vine Stalker
                  | growth]
  2911 | D:4      | Reached XP level 8. HP: 28/40 MP: 8/14
  3016 | D:4      | Found a hazy altar of Hepliaklqana.
  3033 | D:4      | Reached skill level 7 in Unarmed Combat
  3214 | D:4      | Found an ancient bone altar of Kikubaaqudgha.
  3302 | D:5      | Entered Level 5 of the Dungeon
  3816 | D:6      | Got a scorched dagger
  3816 | D:6      | Identified the +3 dagger "Henol" {drain, +Rage} (You found
                  | it on level 6 of the Dungeon)
  3971 | D:6      | Reached skill level 8 in Unarmed Combat
  4101 | D:6      | Reached XP level 9. HP: 41/44 MP: 14/17
  4257 | D:6      | Found a staircase to the Ecumenical Temple.
  4264 | Temple   | Entered the Ecumenical Temple
  4524 | D:6      | Reached skill level 5 in Spellcasting
  4551 | D:6      | Found Oneuchich's Assorted Antiques.
  4719 | D:7      | Reached skill level 5 in Armour
  5139 | D:7      | Noticed Menkaure
  5148 | D:7      | Killed Menkaure
  5428 | D:8      | Reached skill level 9 in Unarmed Combat
  5797 | D:8      | Reached XP level 10. HP: 36/49 MP: 20/20
  5917 | D:8      | Reached skill level 10 in Unarmed Combat
  6193 | D:9      | Found an ornate altar of the Wu Jian Council.
  6202 | D:9      | Became a worshipper of the Wu Jian Council
  6667 | D:9      | Found a staircase to the Orcish Mines.
  6745 | D:9      | Reached * piety under Wu Jian
  6746 | D:9      | Found a shadowy altar of Dithmenos.
  6774 | D:9      | Paralysed by a hornet for 2 turns
  6837 | D:9      | Found a glowing golden altar of the Shining One.
  6986 | D:9      | Found a runed translucent door.
  7009 | D:9      | Found a shattered altar of Ashenzari.
  7025 | D:9      | Reached skill level 11 in Unarmed Combat
  7041 | D:9      | Found a blossoming altar of Fedhas.
  7077 | D:9      | Found a glowing silver altar of Zin.
  7086 | D:9      | Reached ** piety under Wu Jian
  7109 | D:9      | Noticed a flayed ghost
  7120 | D:9      | Found a shimmering blue altar of Sif Muna.
  7162 | D:9      | Found an ancient bone altar of Kikubaaqudgha.
  7178 | D:9      | Reached XP level 11. HP: 52/52 MP: 23/23
  7313 | D:9      | Found a radiant altar of Vehumet.
  7601 | D:9      | Killed a flayed ghost
  7601 | D:9      | Reached skill level 12 in Unarmed Combat
  7654 | D:10     | Entered Level 10 of the Dungeon
  7665 | D:9      | Reached *** piety under Wu Jian
  8321 | D:11     | Noticed a five-headed hydra
  8332 | D:11     | Killed a five-headed hydra
  8456 | D:11     | Reached **** piety under Wu Jian
  8513 | D:11     | Found a staircase to the Lair.
  8560 | D:11     | Found a bloodstained altar of Trog.
  8763 | D:11     | Reached skill level 13 in Unarmed Combat
  8787 | D:11     | Found a portal to a secret trove of treasure.
  8818 | D:12     | Noticed a cyclops
  8823 | D:12     | Killed a cyclops
  8882 | D:12     | Noticed a manticore
  8897 | D:12     | Killed a manticore
  8897 | D:12     | Gained mutation: You heal very quickly. [Vine Stalker
                  | growth]
  8897 | D:12     | Reached XP level 12. HP: 22/56 MP: 17/26
  9067 | D:12     | Noticed a death knight
  9072 | D:12     | Noticed an ogre mage
  9096 | D:12     | Killed a death knight
  9097 | D:12     | HP: 1/56 [ogre mage/bolt of lightning (20)]
  9106 | D:12     | Killed an ogre mage
  9123 | D:12     | Found a large runed translucent door.
  9123 | D:12     | Found a large runed translucent door.
  9611 | D:12     | Noticed a sphinx
  9617 | D:12     | Noticed an entropy weaver
  9620 | D:12     | Killed a sphinx
  9620 | D:12     | Reached skill level 14 in Unarmed Combat
  9620 | D:12     | Reached skill level 10 in Spellcasting
  9621 | D:12     | an entropy weaver changed into something unseen
  9627 | D:12     | Killed a ghost moth
  9629 | D:12     | Found an ornate altar of the Wu Jian Council.
  9632 | D:12     | Found a shimmering altar of Xom.
  9678 | D:13     | Found an ornate altar of the Wu Jian Council.
  9680 | D:13     | Noticed a tengu warrior
  9786 | Lair:1   | Entered Level 1 of the Lair of Beasts
  9846 | Lair:1   | Found a frozen archway.
  9866 | IceCv    | Entered an ice cave
 10016 | IceCv    | Found the macabre finger necklace {rN+}
 10062 | IceCv    | Reached XP level 13. HP: 54/60 MP: 28/28
 10215 | IceCv    | Reached ***** piety under Wu Jian
 10239 | IceCv    | Reached skill level 15 in Unarmed Combat
 10441 | IceCv    | Noticed a frost giant
 10460 | IceCv    | Killed a frost giant
 11422 | Lair:2   | Learned a level 5 spell: Blade Hands
 11588 | Lair:2   | Found a staircase to the Snake Pit.
 11778 | Lair:3   | Reached skill level 1 in Transmutations
 11938 | Lair:3   | Reached skill level 10 in Armour
 11945 | Lair:3   | Found a staircase to the Swamp.
 12688 | Lair:4   | Reached XP level 14. HP: 43/65 MP: 28/30
 12717 | Lair:4   | Reached skill level 16 in Unarmed Combat
 12830 | Lair:4   | Reached skill level 5 in Transmutations
 13836 | Lair:5   | Reached ****** piety under Wu Jian
 14136 | Lair:6   | Entered Level 6 of the Lair of Beasts
 14357 | Lair:6   | Reached XP level 15. HP: 37/68 MP: 32/32
 14405 | Lair:6   | Found a staircase to the Slime Pits.
 14480 | Lair:6   | Reached skill level 17 in Unarmed Combat
 15297 | Snake:1  | Entered Level 1 of the Snake Pit
 15361 | Snake:1  | Found Tummull's Mass Market.
 16491 | Snake:1  | Got a vibrating crystal amulet
 16725 | Snake:2  | Found a sacrificial altar of Ru.
 16752 | Snake:2  | Noticed Saint Roka
 16882 | Snake:2  | Reached XP level 16. HP: 50/72 MP: 31/33
 16897 | Snake:2  | Reached skill level 10 in Transmutations
 17052 | Snake:2  | Noticed Aizul
 17073 | Snake:2  | Killed Aizul
 17203 | Snake:2  | Killed Saint Roka
 17203 | Snake:2  | Reached skill level 18 in Unarmed Combat
 17859 | Snake:3  | Found Boatarut's Armour Emporium.
 17859 | Snake:3  | Found Huamuqy's Weapon Shoppe.
 18215 | Snake:3  | Identified the amulet of Teinyle {Faith MR+ Str+2} (You
                  | found it on level 1 of the Snake Pit)
 18870 | Snake:4  | Entered Level 4 of the Snake Pit
 19084 | Snake:4  | Reached XP level 17. HP: 76/76 MP: 35/35
 19348 | Snake:4  | Reached skill level 19 in Unarmed Combat
 19433 | Snake:4  | Found a bloodstained altar of Trog.
 20004 | Snake:4  | Got a serpentine rune of Zot
 20382 | Swamp:1  | Entered Level 1 of the Swamp
 20520 | Swamp:1  | Reached XP level 18. HP: 66/80 MP: 37/37
 20545 | Swamp:1  | Reached skill level 20 in Unarmed Combat
 21130 | Swamp:2  | Noticed Donald
 21143 | Swamp:2  | Killed Donald
 22510 | Swamp:4  | Entered Level 4 of the Swamp
 22590 | Swamp:4  | Reached skill level 15 in Spellcasting
 22773 | Swamp:4  | Identified a scroll of acquirement
 22841 | Swamp:4  | Got a decaying rune of Zot
 23428 | Orc:1    | Entered Level 1 of the Orcish Mines
 23574 | Orc:2    | Entered Level 2 of the Orcish Mines
 23724 | Orc:2    | Found Fijuneune's Assorted Antiques.
 23724 | Orc:2    | Found Zateir's Armour Shop.
 23740 | Orc:2    | Found Boublask's Weapon Boutique.
 23746 | Orc:2    | Found Piv Xaha's Gadget Boutique.
 23921 | Orc:2    | Found Ohuoj's Book Emporium.
 23956 | Orc:2    | Found a runed translucent gate.
 23957 | Orc:2    | Found a runed translucent gate.
 24026 | Orc:2    | Found a staircase to the Elven Halls.
 24076 | Orc:2    | Found a runed translucent gate.
 24160 | Orc:2    | Bought a wand of digging (5) for 288 gold pieces
 24162 | Orc:2    | Bought a +0 cloak of invisibility for 172 gold pieces
 24288 | Orc:2    | Noticed UrsusMedved's ghost (journeyman DsAK)
 24288 | Orc:2    | Noticed Epan's ghost (adept GrEE)
 24298 | Orc:2    | Killed UrsusMedved's ghost
 24303 | Orc:2    | Killed Epan's ghost
 24458 | Elf:1    | Entered Level 1 of the Elven Halls
 24467 | Elf:1    | Reached XP level 19. HP: 86/86 MP: 33/39
 24477 | Elf:1    | Found a radiant altar of Vehumet.
 24489 | Elf:1    | Reached skill level 1 in Evocations
 24750 | Elf:1    | Reached skill level 21 in Unarmed Combat
 25306 | Elf:1    | Identified the Almanac of the Earth
 25405 | Elf:2    | Reached skill level 5 in Fighting
 25408 | Elf:2    | Found a runed translucent gate.
 25408 | Elf:2    | Found a runed translucent gate.
 25412 | Elf:2    | Found a runed translucent gate.
 25437 | Elf:2    | Identified the amulet "Zuratitt" {+Rage Int-3 Dex+3} (You
                  | acquired it on level 2 of the Elven Halls)
 25437 | Elf:2    | Identified the Papyrus of the Voyage and Stones (You
                  | acquired it on level 2 of the Elven Halls)
 25696 | Elf:2    | Found a runed translucent gate.
 25696 | Elf:2    | Found a runed translucent gate.
 25696 | Elf:2    | Found a runed translucent gate.
 25795 | Elf:2    | Learned a level 8 spell: Death's Door
 26097 | Elf:2    | Identified the +6 chain mail of the Maze {+Fly rF+ MR-
                  | rCorr} (You found it on level 2 of the Elven Halls)
 26159 | Elf:2    | Noticed Vajosau's ghost (journeyman DrIE)
 26160 | Elf:2    | Identified the +5 double sword "Tiduf" {drain, rPois rC-
                  | SInv}
 26162 | Elf:2    | Found an iron altar of Okawaru.
 26176 | Elf:2    | Learned a level 8 spell: Necromutation
 26198 | Elf:2    | Killed Vajosau's ghost
 26431 | Elf:2    | Found Wirellic's Antique Armour Shop.
 26439 | Elf:2    | Bought a glowing scarf for 240 gold pieces
 26439 | Elf:2    | Bought a blackened plate armour for 840 gold pieces
 26439 | Elf:2    | Bought a glowing scarf for 240 gold pieces
 26449 | Elf:2    | Identified the +9 plate armour of Winter {rN+ MR+ rCorr}
                  | (You bought it in a shop on level 2 of the Elven Halls)
 26489 | Elf:2    | Bought a shiny buckler for 225 gold pieces
 26530 | Elf:3    | Entered Level 3 of the Elven Halls
 26694 | Elf:3    | Found Jum Wiul's Gadget Emporium.
 26697 | Elf:3    | Reached XP level 20. HP: 62/94 MP: 26/40
 26954 | Elf:3    | Reached skill level 22 in Unarmed Combat
 26959 | Elf:3    | HP: 3/97 [deep elf annihilator/crystal spear (44)]
 26960 | Elf:3    | Killed from afar by a deep elf annihilator

Levels and vault maps discovered:
D:1:      lightli_molten_gateway, layout_loops_corners
D:2:      layout_loops_ring, chequers_ecumenical_altar_grove,
          minmay_misc_feat_rows, hangedman_decor_points
D:3:      layout_loops_corners, gammafunk_temple_overflow_statue, first_ration,
          hangedman_decor_peaks_small, uniq_grinder
D:4:      layout_basic, eat_drink_and_be_merry_uskayaw, lemuel_crystal_altar,
          tgw_kikubaaqudgha
D:5:      layout_rooms, minmay_fractal_squares_gapless_5
D:6:      layout_loops_ring, minmay_temple_entry_proselytizer, serial_shops,
          nicolae_shop_overgrown_old_shop
D:7:      layout_gridville, uniq_menkaure
D:8:      layout_basic
D:9:      due_megacathedral, layout_basic, nicolae_dithmenos_shadow_blocks,
          nicolae_tso_swordbearing_angel, lemuel_crystal_altar,
          hiddenorc1_lemuel
D:10:     layout_rooms
D:11:     layout_basic, minmay_lair_entry_grove, basic_altar, enter_trove_3,
          the_bakery, serial_bayou_crossing
D:12:     layout_roguey, chequers_garden, jmf_multi_god_temple2
D:13:     layout_rooms, skrybe_vaults_entry_preservation, basic_altar
Temple:   regret_index_temple_generic_petals
Lair:1:   layout_hall_layers, portal_ice_cave_entry_pillars_2
Lair:2:   layout_layer_cave, dummy_snake_entry, patterned_corridor
Lair:3:   layout_layer_cave, palyth_hydra_swamp_entry
Lair:4:   layout_roguey [special_room_mythical_zoo], grunt_megastairs_5
Lair:5:   layout_misc_corridors, minivault_26, nicolae_quartered_pool_little
Lair:6:   minmay_lair_end_frog_pond, layout_misc_corridors,
          minmay_slime_entry_pillars, serial_bayou_lagoon_a, wad_woods_road_01,
          serial_bayou_shore_b
Swamp:1:  layout_basic_swamp, hangedman_swamp_ruin_wall, swamp_pool1
Swamp:2:  layout_basic_swamp, nicolae_swamp_feature_on_the_river_bank,
          swamp_pool3, st_swamp_mini, uniq_donald
Swamp:3:  layout_basic_swamp, evilmike_swamp_ruin_house_4
Swamp:4:  swamp_alternative, layout_basic_swamp, swamp_pool2
Snake:1:  layout_chambers, minmay_shop_mass
Snake:2:  layout_grid_shapes, basic_altar, serial_bayou_shore_a,
          uniq_saint_roka, uniq_aizul
Snake:3:  layout_chambers, grunt_megastairs_1, minmay_shoptagon
Snake:4:  grunt_snake_rune_pools, layout_misc_corridors, basic_altar,
          serial_bayou_shore_b, grunt_megastairs_3, lemuel_fruit_tree
Orc:1:    layout_diamond_mine, serial_shops, rock_pile
Orc:2:    st_orc_mages, layout_caves, serial_shops, shop,
          gammafunk_ghost_cemetery
Elf:1:    eino_elf_arrival_altar, layout_geoelf_diagonals, minmay_elf_sorcery
Elf:2:    layout_geoelf_grid, serial_shops, shop,
          gammafunk_ghost_fury_of_okawaru, minivault_16
Elf:3:    minmay_elf_hall_circle, layout_geoelf_diagonals, serial_shops,
          nicolae_shop_crystal

Skill      XL: |  1  2  3  4  5  6  7  8  9 10 11 12 13 14 15 16 17 18 19 20 |
---------------+-------------------------------------------------------------+-----
Unarmed Combat | 3 4 5 6 8 9 11 13 14 15 16 17 18 19 20 21 22 | 22.0
Fighting       | 3 6 7 |  7.0
Spellcasting   | 2 3 4 6 7 9 10 11 12 13 14 15 16 | 16.2
Armour         | 3 4 5 7 8 9 10 11 12 13 14 | 14.2
Shields        | 3 4 |  4.1
Transmutations | 3 7 9 11 12 | 12.0
Evocations     | 2 |  2.0

Action                   |  1- 3 |  4- 6 |  7- 9 | 10-12 | 13-15 | 16-18 | 19-21 || total
-------------------------+-------+-------+-------+-------+-------+-------+-------++-------
Melee: Unarmed           |   111 |    99 |   361 |   923 |  1380 |  1538 |   386 ||  4798
       Bite              |    26 |    20 |   104 |   252 |   522 |   532 |    80 ||  1536
       Punch             |       |     1 |     4 |       |       |    12 |    23 ||    40
       Staff             |       |       |       |       |       |       |     5 ||     5
Throw: Stone             |     8 |       |       |       |       |       |       ||     8
       Javelin           |     6 |    11 |     8 |    11 |       |     4 |       ||    40
       Boomerang         |       |     1 |     1 |    26 |    15 |    15 |       ||    58
       Dart              |       |       |    32 |    52 |     1 |     4 |       ||    89
 Cast: Blade Hands       |       |       |       |       |       |    18 |    42 ||    60
Invok: Lunge             |       |       |       |    71 |    94 |   158 |    69 ||   392
       Whirlwind         |       |       |       |    69 |   213 |   389 |    98 ||   769
       Wall Jump         |       |       |       |     6 |    10 |    22 |    12 ||    50
       Serpent's Lash    |       |       |       |     6 |     5 |    19 |     4 ||    34
       Heavenly Storm    |       |       |       |       |       |     3 |     2 ||     5
 Abil: Evoke Flight      |       |       |       |       |     2 |     2 |       ||     4
       Wall Jump         |       |       |       |       |     1 |       |       ||     1
Evoke: Wand              |       |       |     5 |     9 |    13 |     7 |       ||    34
       Sack of spiders   |       |       |       |     1 |       |       |       ||     1
       Lightning rod     |       |       |       |       |     4 |     4 |       ||     8
  Use: Scroll            |     4 |       |    11 |     5 |     3 |    11 |     4 ||    38
       Potion            |       |       |     4 |     4 |     1 |     4 |     2 ||    15
 Stab: Sleeping          |     1 |       |       |       |       |       |       ||     1
       Invisible         |       |       |       |     3 |       |       |     6 ||     9
       Confused          |       |       |       |     3 |       |       |       ||     3
       Petrified         |       |       |       |       |     7 |       |       ||     7
       Distracted        |       |       |       |       |     1 |       |       ||     1
       Fleeing           |       |       |       |       |       |     1 |       ||     1
  Eat: Chunk             |     1 |     4 |     8 |    15 |    14 |    29 |    17 ||    88
       Ration            |       |       |     1 |       |     3 |     1 |     1 ||     6
Armor: Scale mail        |    10 |       |       |       |       |       |       ||    10
       Leather armour    |    22 |       |       |       |       |       |       ||    22
       Plate armour      |    16 |    57 |   196 |   483 |   458 |   465 |    70 ||  1745
       Skin              |       |       |    29 |       |       |       |       ||    29
       Chain mail        |       |       |       |       |       |       |     4 ||     4
Dodge: Dodged            |    47 |    17 |    70 |   225 |   354 |   476 |    99 ||  1288
Block: Buckler           |       |       |    46 |   163 |   164 |   168 |     4 ||   545

Table legend:
 A = Non-vault XP
 B = Vault XP
 C = Vault XP percentage of total XP
 D = Non-vault monster count
 E = Vault monster count
 F = Vault count percentage of total count
                 A         B        C        D         E       F
            +---------+---------+-------+---------+---------+-------
      Total |  233940 |  206608 |  46.9 |     859 |     426 |  33.2
            +---------+---------+-------+---------+---------+-------
        D:1 |      42 |       0 |   0.0 |      20 |       0 |   0.0
        D:2 |      19 |       0 |   0.0 |      11 |       0 |   0.0
        D:3 |     177 |     290 |  62.1 |      32 |       1 |   3.0
        D:4 |     893 |       0 |   0.0 |      25 |       0 |   0.0
        D:5 |     324 |      58 |  15.2 |       6 |       3 |  33.3
        D:6 |     686 |      41 |   5.6 |      17 |       1 |   5.6
        D:7 |     503 |     172 |  25.5 |       9 |       1 |  10.0
        D:8 |    1817 |       0 |   0.0 |      44 |       0 |   0.0
        D:9 |    4660 |    1929 |  29.3 |      99 |      23 |  18.9
       D:10 |    1878 |       0 |   0.0 |      31 |       0 |   0.0
       D:11 |    1796 |    2187 |  54.9 |       9 |      14 |  60.9
       D:12 |    5450 |    6210 |  53.3 |      34 |       6 |  15.0
       D:13 |    4851 |       0 |   0.0 |      12 |       0 |   0.0
     Lair:1 |    2926 |       0 |   0.0 |      14 |       0 |   0.0
     Lair:2 |    1621 |       0 |   0.0 |       6 |       0 |   0.0
     Lair:3 |    2388 |    2666 |  52.8 |      13 |       6 |  31.6
     Lair:4 |    9180 |    6697 |  42.2 |      36 |      26 |  41.9
     Lair:5 |    4544 |       0 |   0.0 |      27 |       0 |   0.0
     Lair:6 |   18570 |   12902 |  41.0 |      40 |      53 |  57.0
    Swamp:1 |    7506 |       0 |   0.0 |      14 |       0 |   0.0
    Swamp:2 |   10898 |    2736 |  20.1 |      28 |       2 |   6.7
    Swamp:3 |   12736 |       0 |   0.0 |      21 |       0 |   0.0
    Swamp:4 |   10224 |   18403 |  64.3 |      31 |      28 |  47.5
    Snake:1 |   15387 |       0 |   0.0 |      29 |       0 |   0.0
    Snake:2 |   18646 |    7497 |  28.7 |      30 |      10 |  25.0
    Snake:3 |   23035 |    3933 |  14.6 |      45 |       8 |  15.1
    Snake:4 |   21281 |   42472 |  66.6 |      41 |      65 |  61.3
      Orc:1 |    2069 |       9 |   0.4 |      22 |       3 |  12.0
      Orc:2 |    2213 |    8318 |  79.0 |      33 |      46 |  58.2
      Elf:1 |   18714 |   12114 |  39.3 |      30 |      19 |  38.8
      Elf:2 |   13160 |   32791 |  71.4 |      21 |      38 |  64.4
      Elf:3 |   15746 |   32430 |  67.3 |      29 |      21 |  42.0
      IceCv |       0 |   12753 | 100.0 |       0 |      52 | 100.0
            +---------+---------+-------+---------+---------+-------
